[ PARTIDA AOE2 · #459784204 ]
UnrankedPolacos vs None
Equipo del jugador · DERR
Equipo rival · VICT
[ ANÁLISIS DE REPETICIÓN · EXTRAÍDO DE LA PARTIDA GRABADA ]
Feudal
—
Castillos
—
Imperial
—
| APM promedio | 9.5 |
| APM pico | 28 |
| eAPM promedio | 4.6 |
| Aldeanos / militares | 0 / 0 |
Foco
⚔️ 93.3% · 🌾 6.7%
Feudal
—
Castillos
—
Imperial
—
| APM promedio | 58.3 |
| APM pico | 111 |
| eAPM promedio | 35.2 |
| Aldeanos / militares | 0 / 765 |
Foco
⚔️ 97.3% · 🌾 2.7%
Battle Elephant ×333 · Archer ×264 · Elephant Archer ×168
Feudal
—
Castillos
—
Imperial
—
| APM promedio | 53.9 |
| APM pico | 127 |
| eAPM promedio | 48.0 |
| Aldeanos / militares | 0 / 454 |
Foco
⚔️ 96.4% · 🌾 3.6%
Knight ×269 · Archer ×115 · Battering Ram ×70
Feudal
—
Castillos
—
Imperial
—
| APM promedio | 35.4 |
| APM pico | 73 |
| eAPM promedio | 23.2 |
| Aldeanos / militares | 0 / 643 |
Foco
⚔️ 94.7% · 🌾 5.3%
Knight ×643
Feudal
—
Castillos
—
Imperial
—
| APM promedio | 23.4 |
| APM pico | 76 |
| eAPM promedio | 4.6 |
| Aldeanos / militares | 0 / 0 |
Foco
⚔️ 100.0% · 🌾 0.0%
Feudal
—
Castillos
—
Imperial
—
| APM promedio | 26.8 |
| APM pico | 67 |
| eAPM promedio | 18.4 |
| Aldeanos / militares | 0 / 0 |
Foco
⚔️ 100.0% · 🌾 0.0%
Feudal
—
Castillos
—
Imperial
—
| APM promedio | 5.2 |
| APM pico | 26 |
| eAPM promedio | 2.6 |
| Aldeanos / militares | 0 / 0 |
Foco
⚔️ 90.9% · 🌾 9.1%
Feudal
—
Castillos
—
Imperial
—
| APM promedio | 60.6 |
| APM pico | 143 |
| eAPM promedio | 9.3 |
| Aldeanos / militares | 0 / 171 |
Foco
⚔️ 92.9% · 🌾 7.1%
Hand Cannoneer ×171
Mapa de la partida
Recursos iniciales + cada clic de construcción. Líneas = muros · curvas = relieve. ◆ oro · ⬟ piedra · ● bayas · ✦ reliquia · ◌ hueco del cierre
Tu base· Abierta
Base de poweredbygamespy· Abierta
Base de Eren_Jeagger· ✓ Separados por el mapa
Base de Alpha· Abierta
Base de thanhtungbui· ✓ Separados por el mapa
Base de SOLEIMANITO· Abierta
Base de Magnetto· Abierta
Base de IroncladLemur23· Abierta
Terreno inicial suavizado · ◌ = hueco del cierre detectado · pasá el cursor para detalles
Inputs por minuto
— Mati - - poweredbygamespy
Build order — Mati
15 acciones detectadas en el replay
| 12:18 | Investigar | Chain Barding Armor |
| 12:19 | Investigar | Bodkin Arrow |
| 12:19 | Investigar | Leather Archer Armor |
| 12:19 | Investigar | Chain Mail Armor |
| 12:23 | Investigar | Ballistics |
| 12:24 | Investigar | Guard Tower (upgrade) |
| 12:25 | Investigar | Treadmill Crane |
| 12:35 | Investigar | Szlachta Privileges |
| 21:27 | Construir | Barracks |
| 21:28 | Construir | Barracks |
| 22:16 | Investigar | Arson |
| 22:17 | Investigar | Long Swordsman (upgrade) |
| 22:17 | Investigar | Pikeman (upgrade) |
| 22:23 | Construir | Barracks |
| 22:25 | Construir | Barracks |
Build order — poweredbygamespy
Primeras 150 de 208 acciones detectadas
| 11:20 | Construir | Stable |
| 11:22 | Construir | Stable |
| 11:23 | Construir | Stable |
| 11:29 | Construir | Archery Range |
| 11:38 | Construir | Stable |
| 11:39 | Construir | Stable |
| 11:42 | Construir | Stable |
| 11:43 | Construir | Stable |
| 11:47 | Construir | Stable |
| 11:49 | Construir | Stable |
| 11:50 | Construir | Stable |
| 11:53 | Construir | Stable |
| 11:59 | Construir | Archery Range |
| 12:01 | Construir | Archery Range |
| 12:02 | Construir | Archery Range |
| 20:12 | Investigar | Chain Mail Armor |
| 20:13 | Investigar | Iron Casting |
| 20:14 | Investigar | Chain Barding Armor |
| 20:18 | Investigar | Husbandry |
| 20:18 | Crear | Battle Elephant ×5 |
| 20:19 | Crear | Battle Elephant ×5 |
| 20:19 | Crear | Battle Elephant ×5 |
| 20:19 | Crear | Battle Elephant ×5 |
| 20:22 | Crear | Battle Elephant ×5 |
| 20:23 | Crear | Battle Elephant ×5 |
| 20:23 | Crear | Battle Elephant ×5 |
| 20:23 | Crear | Battle Elephant ×5 |
| 20:26 | Investigar | Thumb Ring |
| 20:27 | Crear | Elephant Archer ×5 |
| 20:27 | Crear | Elephant Archer ×5 |
| 20:27 | Crear | Elephant Archer ×5 |
| 20:30 | Investigar | Ballistics |
| 20:31 | Investigar | Guard Tower (upgrade) |
| 20:31 | Investigar | Tech 909 |
| 20:32 | Investigar | Careening |
| 20:32 | Investigar | Tech 908 |
| 20:37 | Investigar | Medical Corps |
| 20:43 | Construir | Archery Range |
| 20:45 | Construir | Archery Range |
| 20:46 | Construir | Archery Range |
| 20:47 | Construir | Archery Range |
| 20:58 | Construir | Archery Range |
| 21:00 | Construir | Archery Range |
| 21:01 | Construir | Archery Range |
| 21:02 | Construir | Archery Range |
| 21:36 | Crear | Elephant Archer ×5 |
| 21:36 | Crear | Elephant Archer ×5 |
| 21:36 | Crear | Elephant Archer ×5 |
| 21:37 | Crear | Elephant Archer ×5 |
| 21:37 | Crear | Elephant Archer ×5 |
| 21:37 | Crear | Elephant Archer ×5 |
| 21:38 | Crear | Elephant Archer ×5 |
| 21:38 | Crear | Elephant Archer ×5 |
| 21:38 | Crear | Elephant Archer ×5 |
| 21:38 | Crear | Elephant Archer |
| 21:40 | Crear | Battle Elephant ×5 |
| 21:41 | Crear | Battle Elephant ×5 |
| 21:41 | Crear | Battle Elephant ×5 |
| 21:42 | Crear | Battle Elephant ×5 |
| 21:42 | Crear | Battle Elephant ×5 |
| 21:42 | Crear | Battle Elephant ×5 |
| 21:43 | Crear | Battle Elephant ×5 |
| 21:43 | Crear | Battle Elephant ×5 |
| 21:43 | Crear | Battle Elephant ×5 |
| 21:44 | Crear | Battle Elephant ×5 |
| 21:44 | Crear | Battle Elephant ×5 |
| 21:44 | Crear | Battle Elephant ×5 |
| 21:45 | Crear | Battle Elephant ×5 |
| 21:45 | Crear | Battle Elephant ×5 |
| 21:45 | Crear | Battle Elephant ×5 |
| 21:45 | Crear | Battle Elephant ×5 |
| 21:46 | Crear | Battle Elephant ×5 |
| 21:46 | Crear | Battle Elephant ×5 |
| 22:27 | Crear | Battle Elephant ×5 |
| 22:27 | Crear | Battle Elephant ×5 |
| 22:27 | Crear | Battle Elephant ×5 |
| 22:28 | Crear | Battle Elephant ×5 |
| 22:29 | Crear | Elephant Archer ×5 |
| 22:29 | Crear | Elephant Archer ×5 |
| 22:30 | Crear | Elephant Archer ×5 |
| 22:30 | Crear | Elephant Archer ×5 |
| 22:30 | Crear | Elephant Archer ×5 |
| 22:55 | Crear | Elephant Archer ×5 |
| 22:55 | Crear | Elephant Archer ×5 |
| 22:55 | Crear | Elephant Archer ×5 |
| 22:56 | Crear | Elephant Archer ×5 |
| 22:56 | Crear | Elephant Archer ×5 |
| 22:56 | Crear | Elephant Archer ×5 |
| 22:57 | Crear | Elephant Archer ×5 |
| 22:57 | Crear | Elephant Archer ×2 |
| 23:22 | Crear | Battle Elephant ×5 |
| 23:22 | Crear | Battle Elephant ×5 |
| 23:22 | Crear | Battle Elephant ×5 |
| 23:23 | Crear | Battle Elephant ×5 |
| 23:23 | Crear | Battle Elephant ×5 |
| 23:23 | Crear | Battle Elephant ×5 |
| 23:23 | Crear | Battle Elephant ×5 |
| 23:24 | Crear | Battle Elephant ×5 |
| 23:24 | Crear | Battle Elephant ×5 |
| 23:24 | Crear | Battle Elephant ×5 |
| 23:25 | Crear | Battle Elephant ×5 |
| 23:25 | Crear | Battle Elephant ×5 |
| 23:25 | Crear | Battle Elephant ×5 |
| 23:26 | Crear | Battle Elephant ×5 |
| 23:26 | Crear | Battle Elephant ×5 |
| 23:26 | Crear | Battle Elephant ×5 |
| 23:27 | Crear | Battle Elephant ×5 |
| 23:27 | Crear | Battle Elephant ×5 |
| 23:27 | Crear | Battle Elephant |
| 23:43 | Investigar | Crossbowman (upgrade) |
| 23:43 | Investigar | Crossbowman (upgrade) |
| 23:44 | Investigar | Elite Skirmisher (upgrade) |
| 23:57 | Investigar | Crossbowman (upgrade) |
| 23:57 | Investigar | Elite Skirmisher (upgrade) |
| 24:01 | Crear | Archer ×5 |
| 24:01 | Crear | Archer ×5 |
| 24:01 | Crear | Archer ×5 |
| 24:02 | Crear | Archer ×5 |
| 24:02 | Crear | Archer ×5 |
| 24:02 | Crear | Archer ×5 |
| 24:02 | Crear | Archer ×5 |
| 24:03 | Crear | Archer ×5 |
| 24:03 | Crear | Archer ×5 |
| 24:03 | Crear | Archer ×5 |
| 24:04 | Crear | Archer ×5 |
| 24:04 | Crear | Archer ×5 |
| 24:04 | Crear | Archer ×5 |
| 24:05 | Crear | Archer ×5 |
| 24:05 | Crear | Archer ×3 |
| 24:05 | Crear | Archer ×3 |
| 24:10 | Crear | Battle Elephant ×5 |
| 24:10 | Crear | Battle Elephant ×5 |
| 24:10 | Crear | Battle Elephant ×5 |
| 24:10 | Crear | Battle Elephant ×5 |
| 24:11 | Crear | Battle Elephant ×2 |
| 25:07 | Construir | Archery Range |
| 25:08 | Construir | Archery Range |
| 25:10 | Construir | Archery Range |
| 25:11 | Construir | Archery Range |
| 25:18 | Crear | Archer ×5 |
| 25:18 | Crear | Archer ×5 |
| 25:18 | Crear | Archer ×5 |
| 25:19 | Crear | Archer ×5 |
| 25:19 | Crear | Archer ×5 |
| 25:19 | Crear | Archer ×5 |
| 25:20 | Crear | Archer ×5 |
| 25:20 | Crear | Archer ×5 |
| 25:20 | Crear | Archer ×4 |
| 25:26 | Crear | Archer ×5 |
| 25:26 | Crear | Archer ×5 |
Build order — Eren_Jeagger
Primeras 150 de 528 acciones detectadas
| 2:56 | Construir | Stable |
| 2:59 | Construir | Archery Range |
| 3:03 | Construir | Stable |
| 3:05 | Construir | Stable |
| 3:06 | Construir | Stable |
| 3:08 | Construir | Stable |
| 3:09 | Construir | Stable |
| 3:10 | Construir | Stable |
| 3:11 | Construir | Stable |
| 3:13 | Construir | Stable |
| 3:14 | Construir | Stable |
| 3:15 | Construir | Stable |
| 3:19 | Construir | Archery Range |
| 3:21 | Construir | Archery Range |
| 3:22 | Construir | Archery Range |
| 3:24 | Construir | Archery Range |
| 3:26 | Construir | Archery Range |
| 3:29 | Construir | Archery Range |
| 3:31 | Construir | Archery Range |
| 3:33 | Construir | Archery Range |
| 3:34 | Construir | Archery Range |
| 11:29 | Construir | Stable |
| 11:31 | Construir | Stable |
| 11:32 | Construir | Stable |
| 11:34 | Construir | Stable |
| 11:35 | Construir | Stable |
| 13:33 | Construir | Stable |
| 13:34 | Construir | Stable |
| 13:35 | Construir | Stable |
| 13:37 | Construir | Stable |
| 13:38 | Construir | Stable |
| 14:23 | Crear | Archer |
| 14:24 | Crear | Archer |
| 14:24 | Crear | Archer |
| 14:24 | Crear | Archer |
| 14:24 | Crear | Archer |
| 14:25 | Crear | Archer |
| 14:25 | Crear | Archer |
| 14:25 | Crear | Archer |
| 14:25 | Crear | Archer |
| 14:26 | Crear | Archer |
| 14:26 | Crear | Archer |
| 14:27 | Crear | Archer |
| 14:27 | Crear | Archer |
| 14:27 | Crear | Archer |
| 14:28 | Crear | Archer |
| 14:36 | Investigar | Husbandry |
| 14:36 | Investigar | Husbandry |
| 14:37 | Investigar | Crossbowman (upgrade) |
| 14:38 | Investigar | Crossbowman (upgrade) |
| 14:39 | Crear | Archer |
| 14:39 | Crear | Archer |
| 14:40 | Crear | Archer |
| 14:41 | Investigar | Bodkin Arrow |
| 14:41 | Investigar | Bodkin Arrow |
| 14:42 | Investigar | Chain Barding Armor |
| 14:43 | Investigar | Iron Casting |
| 14:43 | Investigar | Leather Archer Armor |
| 14:43 | Investigar | Leather Archer Armor |
| 14:45 | Crear | Knight |
| 14:45 | Crear | Knight |
| 14:45 | Crear | Knight |
| 14:46 | Crear | Knight |
| 14:46 | Crear | Knight |
| 14:46 | Crear | Knight |
| 14:46 | Crear | Knight |
| 14:47 | Crear | Knight |
| 14:47 | Crear | Knight |
| 14:47 | Crear | Knight |
| 14:48 | Crear | Knight |
| 14:48 | Crear | Knight |
| 14:48 | Crear | Knight |
| 14:49 | Crear | Knight |
| 14:49 | Crear | Knight |
| 14:49 | Crear | Knight |
| 14:49 | Crear | Knight |
| 14:50 | Crear | Knight |
| 14:50 | Crear | Knight |
| 14:50 | Crear | Knight |
| 15:10 | Crear | Knight |
| 15:10 | Crear | Knight |
| 15:10 | Crear | Knight |
| 15:10 | Crear | Knight |
| 15:11 | Crear | Knight |
| 15:11 | Crear | Knight |
| 15:11 | Crear | Knight |
| 15:11 | Crear | Knight |
| 15:13 | Crear | Archer |
| 15:13 | Crear | Archer |
| 15:13 | Crear | Archer |
| 15:13 | Crear | Archer |
| 15:14 | Crear | Archer |
| 15:14 | Crear | Archer |
| 15:15 | Crear | Archer |
| 15:15 | Crear | Archer |
| 15:15 | Crear | Archer |
| 15:16 | Crear | Knight |
| 15:16 | Crear | Knight |
| 15:17 | Crear | Knight |
| 15:17 | Crear | Knight |
| 15:17 | Crear | Knight |
| 15:17 | Crear | Knight |
| 15:18 | Crear | Knight |
| 15:18 | Crear | Knight |
| 15:18 | Crear | Knight |
| 15:19 | Crear | Knight |
| 15:27 | Crear | Knight |
| 15:27 | Crear | Knight |
| 15:30 | Investigar | Ballistics |
| 15:30 | Investigar | Ballistics |
| 15:31 | Investigar | Treadmill Crane |
| 15:31 | Investigar | Treadmill Crane |
| 15:32 | Crear | Knight |
| 15:33 | Crear | Knight |
| 15:33 | Crear | Knight |
| 15:33 | Crear | Knight |
| 15:33 | Crear | Knight |
| 15:34 | Crear | Knight |
| 15:34 | Crear | Knight |
| 15:35 | Crear | Archer |
| 15:35 | Crear | Archer |
| 15:36 | Crear | Archer |
| 15:36 | Crear | Archer |
| 15:43 | Crear | Knight |
| 15:43 | Crear | Knight |
| 15:43 | Crear | Knight |
| 15:43 | Crear | Knight |
| 15:50 | Crear | Knight |
| 15:51 | Crear | Knight |
| 15:51 | Crear | Knight |
| 15:51 | Crear | Knight |
| 15:51 | Crear | Knight |
| 15:52 | Crear | Knight |
| 15:52 | Crear | Knight |
| 15:53 | Crear | Archer |
| 15:53 | Crear | Archer |
| 15:53 | Crear | Archer |
| 15:54 | Crear | Archer |
| 15:54 | Crear | Archer |
| 15:54 | Crear | Archer |
| 15:54 | Crear | Archer |
| 15:55 | Crear | Archer |
| 15:55 | Crear | Archer |
| 15:55 | Crear | Archer |
| 15:55 | Crear | Archer |
| 15:56 | Crear | Archer |
| 15:56 | Crear | Archer |
| 16:04 | Crear | Archer |
| 16:04 | Crear | Archer |
| 16:04 | Crear | Archer |
Build order — Alpha
Primeras 150 de 219 acciones detectadas
| 9:03 | Construir | Archery Range |
| 9:04 | Construir | Archery Range |
| 9:07 | Construir | Archery Range |
| 10:37 | Construir | Archery Range |
| 10:39 | Construir | Stable |
| 10:41 | Construir | Stable |
| 10:46 | Construir | Stable |
| 10:48 | Construir | Stable |
| 10:49 | Construir | Stable |
| 10:51 | Construir | Stable |
| 10:52 | Construir | Stable |
| 10:54 | Construir | Stable |
| 10:55 | Construir | Stable |
| 10:57 | Construir | Stable |
| 10:59 | Construir | Stable |
| 11:00 | Construir | Stable |
| 11:01 | Construir | Stable |
| 16:41 | Investigar | Bodkin Arrow |
| 16:41 | Investigar | Chain Barding Armor |
| 16:42 | Investigar | Iron Casting |
| 16:43 | Investigar | Chain Mail Armor |
| 16:46 | Investigar | Ballistics |
| 16:46 | Investigar | Treadmill Crane |
| 17:07 | Crear | Knight ×5 |
| 17:08 | Crear | Knight ×5 |
| 17:08 | Crear | Knight ×5 |
| 17:08 | Crear | Knight ×5 |
| 17:09 | Crear | Knight ×5 |
| 17:09 | Crear | Knight ×5 |
| 17:09 | Crear | Knight ×5 |
| 17:10 | Crear | Knight ×5 |
| 17:10 | Crear | Knight ×5 |
| 17:10 | Crear | Knight ×5 |
| 17:52 | Investigar | Thumb Ring |
| 17:54 | Investigar | Crossbowman (upgrade) |
| 17:54 | Investigar | Elite Skirmisher (upgrade) |
| 18:15 | Crear | Knight ×5 |
| 18:15 | Crear | Knight ×5 |
| 18:15 | Crear | Knight ×5 |
| 18:16 | Crear | Knight ×5 |
| 18:16 | Crear | Knight ×5 |
| 18:17 | Crear | Knight |
| 18:31 | Crear | Knight ×5 |
| 18:32 | Crear | Knight ×5 |
| 18:32 | Crear | Knight ×5 |
| 18:41 | Investigar | Careening |
| 18:43 | Investigar | Tech 908 |
| 18:44 | Investigar | Tech 909 |
| 18:47 | Crear | Knight ×4 |
| 18:47 | Crear | Knight ×4 |
| 19:18 | Crear | Knight ×5 |
| 19:18 | Crear | Knight ×5 |
| 19:19 | Crear | Knight ×5 |
| 19:19 | Crear | Knight ×5 |
| 19:19 | Crear | Knight ×5 |
| 20:03 | Crear | Knight ×5 |
| 20:03 | Crear | Knight ×5 |
| 20:04 | Crear | Knight ×5 |
| 20:04 | Crear | Knight ×5 |
| 20:04 | Crear | Knight ×5 |
| 20:05 | Crear | Knight ×5 |
| 20:22 | Crear | Knight ×5 |
| 20:22 | Crear | Knight ×5 |
| 20:23 | Crear | Knight ×5 |
| 20:23 | Crear | Knight ×5 |
| 20:23 | Crear | Knight ×5 |
| 20:24 | Crear | Knight ×5 |
| 20:24 | Crear | Knight ×5 |
| 20:32 | Crear | Knight |
| 20:33 | Crear | Knight |
| 20:53 | Crear | Knight ×5 |
| 20:54 | Crear | Knight ×5 |
| 20:54 | Crear | Knight ×5 |
| 20:54 | Crear | Knight ×5 |
| 20:54 | Crear | Knight ×5 |
| 20:55 | Crear | Knight ×2 |
| 21:03 | Crear | Knight |
| 21:04 | Crear | Knight ×2 |
| 21:04 | Crear | Knight |
| 21:26 | Crear | Knight ×5 |
| 21:27 | Crear | Knight ×5 |
| 21:27 | Crear | Knight ×5 |
| 21:27 | Crear | Knight ×5 |
| 21:37 | Crear | Knight ×5 |
| 21:37 | Crear | Knight ×5 |
| 21:37 | Crear | Knight ×5 |
| 21:38 | Crear | Knight ×5 |
| 21:38 | Crear | Knight ×5 |
| 21:38 | Crear | Knight ×3 |
| 21:42 | Construir | Stable |
| 21:43 | Construir | Stable |
| 21:43 | Construir | Stable |
| 21:43 | Construir | Stable |
| 21:44 | Construir | Stable |
| 21:44 | Construir | Stable |
| 21:44 | Construir | Stable |
| 21:44 | Construir | Stable |
| 21:45 | Construir | Stable |
| 21:45 | Construir | Stable |
| 21:45 | Construir | Stable |
| 21:46 | Construir | Stable |
| 21:46 | Construir | Stable |
| 21:46 | Construir | Stable |
| 21:46 | Construir | Stable |
| 21:47 | Construir | Stable |
| 21:49 | Construir | Stable |
| 21:50 | Construir | Stable |
| 21:51 | Construir | Stable |
| 21:51 | Construir | Stable |
| 21:51 | Construir | Stable |
| 21:52 | Construir | Stable |
| 21:52 | Construir | Stable |
| 21:52 | Construir | Stable |
| 21:53 | Construir | Stable |
| 21:54 | Construir | Stable |
| 21:54 | Construir | Stable |
| 21:55 | Construir | Stable |
| 21:56 | Construir | Stable |
| 22:04 | Crear | Knight ×5 |
| 22:05 | Crear | Knight ×3 |
| 22:05 | Crear | Knight ×3 |
| 22:06 | Crear | Knight ×3 |
| 22:07 | Crear | Knight |
| 22:08 | Crear | Knight |
| 22:08 | Crear | Knight ×2 |
| 22:35 | Crear | Knight ×5 |
| 22:36 | Crear | Knight ×3 |
| 22:36 | Crear | Knight ×3 |
| 22:39 | Crear | Knight ×5 |
| 22:39 | Crear | Knight ×5 |
| 22:40 | Crear | Knight ×5 |
| 22:40 | Crear | Knight ×5 |
| 22:40 | Crear | Knight ×4 |
| 23:12 | Crear | Knight ×5 |
| 23:12 | Crear | Knight ×5 |
| 23:13 | Crear | Knight ×5 |
| 23:13 | Crear | Knight ×5 |
| 23:13 | Crear | Knight ×5 |
| 23:28 | Crear | Knight ×5 |
| 23:29 | Crear | Knight ×5 |
| 23:29 | Crear | Knight ×5 |
| 23:29 | Crear | Knight ×5 |
| 23:30 | Crear | Knight ×5 |
| 23:48 | Crear | Knight ×5 |
| 23:48 | Crear | Knight ×5 |
| 23:48 | Crear | Knight ×5 |
| 23:48 | Crear | Knight ×5 |
| 23:49 | Crear | Knight ×5 |
| 23:49 | Crear | Knight ×4 |
| 23:58 | Construir | Stable |
Build order — thanhtungbui
11 acciones detectadas en el replay
| 10:45 | Investigar | Bodkin Arrow |
| 10:46 | Investigar | Leather Archer Armor |
| 10:47 | Investigar | Leather Archer Armor |
| 10:49 | Investigar | Ballistics |
| 10:49 | Investigar | Ballistics |
| 12:23 | Investigar | Iron Casting |
| 12:24 | Investigar | Iron Casting |
| 12:25 | Investigar | Chain Barding Armor |
| 12:25 | Investigar | Chain Barding Armor |
| 19:23 | Investigar | Chain Mail Armor |
| 19:24 | Investigar | Chain Mail Armor |
Build order — SOLEIMANITO
0 acciones detectadas en el replay
Build order — Magnetto
7 acciones detectadas en el replay
| 16:37 | Investigar | Bodkin Arrow |
| 16:39 | Investigar | Leather Archer Armor |
| 16:40 | Investigar | Chain Mail Armor |
| 16:41 | Investigar | Iron Casting |
| 16:46 | Investigar | Ballistics |
| 16:47 | Investigar | Guard Tower (upgrade) |
| 17:08 | Investigar | Tech 455 |
Build order — IroncladLemur23
81 acciones detectadas en el replay
| 12:25 | Investigar | Bodkin Arrow |
| 12:25 | Investigar | Leather Archer Armor |
| 12:26 | Investigar | Chain Barding Armor |
| 12:27 | Investigar | Chain Mail Armor |
| 12:27 | Investigar | Iron Casting |
| 12:27 | Investigar | Iron Casting |
| 12:30 | Investigar | Chemistry |
| 12:31 | Investigar | Treadmill Crane |
| 12:33 | Investigar | Guard Tower (upgrade) |
| 12:33 | Investigar | Guard Tower (upgrade) |
| 12:34 | Investigar | Ballistics |
| 12:35 | Investigar | Ballistics |
| 12:36 | Investigar | Wagenburg Tactics |
| 12:36 | Investigar | Wagenburg Tactics |
| 17:21 | Construir | Archery Range |
| 17:22 | Construir | Archery Range |
| 17:24 | Construir | Archery Range |
| 17:35 | Construir | Archery Range |
| 17:36 | Construir | Archery Range |
| 18:49 | Crear | Hand Cannoneer ×5 |
| 18:49 | Crear | Hand Cannoneer ×5 |
| 18:50 | Crear | Hand Cannoneer ×5 |
| 18:50 | Crear | Hand Cannoneer ×5 |
| 18:50 | Crear | Hand Cannoneer ×5 |
| 18:50 | Crear | Hand Cannoneer ×5 |
| 18:51 | Crear | Hand Cannoneer ×5 |
| 19:54 | Construir | Archery Range |
| 19:55 | Construir | Archery Range |
| 19:58 | Construir | Archery Range |
| 19:59 | Construir | Archery Range |
| 20:01 | Construir | Archery Range |
| 20:03 | Construir | Archery Range |
| 20:04 | Construir | Archery Range |
| 20:07 | Construir | Archery Range |
| 20:09 | Construir | Archery Range |
| 20:11 | Construir | Archery Range |
| 20:12 | Construir | Archery Range |
| 20:14 | Construir | Archery Range |
| 20:30 | Crear | Hand Cannoneer ×5 |
| 20:31 | Crear | Hand Cannoneer ×5 |
| 20:31 | Crear | Hand Cannoneer ×5 |
| 20:31 | Crear | Hand Cannoneer ×5 |
| 20:31 | Crear | Hand Cannoneer ×5 |
| 20:32 | Crear | Hand Cannoneer ×5 |
| 20:32 | Crear | Hand Cannoneer ×5 |
| 20:32 | Crear | Hand Cannoneer ×5 |
| 20:32 | Crear | Hand Cannoneer |
| 20:33 | Crear | Hand Cannoneer ×5 |
| 20:33 | Crear | Hand Cannoneer ×5 |
| 20:34 | Crear | Hand Cannoneer ×5 |
| 20:34 | Crear | Hand Cannoneer ×5 |
| 21:47 | Crear | Hand Cannoneer ×5 |
| 21:47 | Crear | Hand Cannoneer ×5 |
| 21:47 | Crear | Hand Cannoneer ×5 |
| 21:48 | Crear | Hand Cannoneer ×5 |
| 21:48 | Crear | Hand Cannoneer ×5 |
| 21:48 | Crear | Hand Cannoneer ×5 |
| 21:48 | Crear | Hand Cannoneer ×5 |
| 21:49 | Crear | Hand Cannoneer ×5 |
| 21:49 | Crear | Hand Cannoneer ×5 |
| 23:33 | Crear | Hand Cannoneer ×5 |
| 23:33 | Crear | Hand Cannoneer ×5 |
| 23:33 | Crear | Hand Cannoneer ×5 |
| 23:33 | Crear | Hand Cannoneer ×5 |
| 23:34 | Crear | Hand Cannoneer ×5 |
| 23:34 | Crear | Hand Cannoneer ×5 |
| 23:49 | Construir | Archery Range |
| 23:59 | Investigar | Elite Hussite Wagon (upgrade) |
| 24:00 | Investigar | Spies/Treason |
| 24:00 | Investigar | Hussite Reforms |
| 24:01 | Investigar | Conscription |
| 24:01 | Investigar | Sappers |
| 24:05 | Investigar | Ring Archer Armor |
| 24:06 | Investigar | Blast Furnace |
| 24:07 | Investigar | Bracer |
| 24:07 | Investigar | Plate Mail Armor |
| 24:07 | Investigar | Plate Mail Armor |
| 24:10 | Investigar | Bombard Tower (upgrade) |
| 24:11 | Investigar | Arrowslits |
| 24:11 | Investigar | Keep (upgrade) |
| 24:12 | Investigar | Siege Engineers |
Cronología de la partida
| 2:56 | Eren_Jeagger · first_building Stable |
| 2:59 | Eren_Jeagger · first_building Archery Range |
| 9:03 | Alpha · first_building Archery Range |
| 10:39 | Alpha · first_building Stable |
| 11:20 | poweredbygamespy · first_building Stable |
| 11:29 | poweredbygamespy · first_building Archery Range |
| 17:21 | IroncladLemur23 · first_building Archery Range |
| 17:32 | Eren_Jeagger · first_building Siege Workshop |
| 20:04 | thanhtungbui · resign |
| 21:27 | Mati · first_building Barracks |
[ ANÁLISIS IA · 1 CRÉDITO ]
¿Qué pasó realmente en esta partida?
Wolo.gg analiza cada decisión: build order, eco, micro, errores típicos por bracket. Análisis personalizado por WhatsApp o Discord en 30 segundos.
Guía civ
Polacos
Perfil
Jugador #24504151